 Dungeon Crawl Stone Soup version 0.21.1-1-g345015fe64 (webtiles) character file.

427 Kohma the Sneak (level 6, -1/28 HPs)
             Began as a Spriggan Venom Mage on June 26, 2018.
             Slain by Tali's ghost (16 damage)
             ... on level 3 of the Dungeon.
             The game lasted 00:13:00 (4844 turns).

Kohma the Sneak (Spriggan Venom Mage)               Turns: 4844, Time: 00:13:01

Health: -1/28      AC:  5    Str:  5    XL:     6   Next: 65%
Magic:  10/13      EV: 21    Int: 18    God:
Gold:   163        SH:  0    Dex: 16    Spells: 11/14 levels left

rFire    . . .     SeeInvis +   p - +0 dagger (venom)
rCold    . . .     Gourm    .   (shield restricted)
rNeg     . . .     Faith    .   a - +0 robe
rPois    .         Spirit   .   o - +2 hat
rElec    .         Reflect  .   j - +0 cloak
rCorr    .         Harm     .   (gloves unavailable)
MR       +....                  (boots unavailable)
Stlth    +++.......             (no amulet)
HPRegen  0.09/turn              (no ring)
MPRegen  0.13/turn              (no ring)

@: very quick
A: very small, unfitting armour, see invisible, herbivore, speed 3, slow
metabolism 2
a: no special abilities


You were on level 3 of the Dungeon.
You were not hungry.

You visited 1 branch of the dungeon, and saw 3 of its levels.
You also visited: Sewer.

You collected 163 gold pieces.

Inventory:

Hand Weapons
 f - a cursed -1 short sword
 h - a +0 dagger
 p - a +0 dagger of venom (weapon)
Missiles
 t - a throwing net (quivered)
Armour
 a - a +0 robe (worn)
 j - a +0 cloak (worn)
 o - a +2 hat (worn)
Magical Staves
 u - an uncursed staff of poison {unknown}
Jewellery
 s - an uncursed ring of positive energy {unknown}
Wands
 c - a wand of flame (40)
 i - a wand of disintegration (11)
Scrolls
 d - a scroll of fear
 e - 3 scrolls of remove curse
 g - 4 scrolls of teleportation {unknown}
 k - a scroll of blinking {unknown}
 n - a scroll of enchant armour {unknown}
 r - a scroll of fog {unknown}
 v - a scroll of noise {unknown}
Potions
 l - 2 potions of flight
 m - 3 potions of might
 q - 8 potions of heal wounds
Books
 b - a Young Poisoner's Handbook

   Spells                             Type                      Level
   a - Sting                          Conjuration/Poison           1
   b - Poisonous Vapours              Poison/Air                   2
   c - Mephitic Cloud                 Conjuration/Poison/Air       3
   d - Olgreb's Toxic Radiance        Poison                       4
   e - Venom Bolt                     Conjuration/Poison           5


   Skills:
 - Level 6.0 Dodging
 - Level 6.2 Stealth
 + Level 4.6 Spellcasting
 - Level 0.6 Conjurations
 + Level 1.4 Air Magic
 * Level 4.1 Poison Magic


You had 11 spell levels left.
You knew the following spells:

 Your Spells              Type           Power        Failure   Level  Hunger
a - Sting                 Conj/Pois      ##..         5%          1    None
b - Poisonous Vapours     Pois/Air       ##....       7%          2    #......


Dungeon Overview and Level Annotations

Branches:
Dungeon (3/15)

Altars:

Annotations:
D:3 Tali's ghost, amateur MiFi


Innate Abilities, Weirdness & Mutations

You are very small and have problems with some larger weapons.
You are too small for most types of armour.
You have supernaturally acute eyesight. (SInv)
You are a herbivore.
You cover ground extremely quickly.
You need consume almost no food.


Message History

You barely miss the adder.
The adder is almost dead.
You kill the adder!
There is a stone staircase leading up here.
You hit Tali's ghost but do no damage. Tali's ghost hits you.
You hit Tali's ghost.
Tali's ghost is lightly damaged.
Tali's ghost keens inconsolably.
Tali's ghost hits you!
You barely miss Tali's ghost.
Tali's ghost is lightly damaged.
Tali's ghost hits you but does no damage.
You hit Tali's ghost but do no damage.
Tali's ghost is lightly damaged.
Tali's ghost closely misses you.
You hit Tali's ghost.
Tali's ghost is lightly damaged.
Tali's ghost hits you!
Ouch! That really hurt!
You die...

...........# #.#
...........# #.#
...........####.#
...........'....#
##.........####.#
##.........# ###
...........#
...........#######
....##.........W@#
........>........#
.................#
.................#
...............###
...............#
.......>.......#
..........######
..........########


You could see Tali's ghost.

Vanquished Creatures
  3 big kobolds (Sewer)
  Robin (D:2)
  8 adders
  A river rat (Sewer)
  6 oozes
  2 worms (Sewer)
  A dart slug (D:1)
  5 leopard geckos
  5 orcs (D:3)
  4 giant cockroaches
  4 hobgoblins
  5 jackals
  3 ball pythons
  9 bats
  6 frilled lizards
  14 goblins
  9 kobolds
  8 rats
94 creatures vanquished.

Vanquished Creatures (others)
  2 plants (D:2)
2 creatures vanquished.

Grand Total: 96 creatures vanquished

Notes
Turn   | Place    | Note
-------+----------+-------------------------------------------
     0 | D:1      | Kohma the Spriggan Venom Mage began the quest for the Orb.
     0 | D:1      | Reached XP level 1. HP: 9/9 MP: 5/5
   416 | D:1      | Reached XP level 2. HP: 11/13 MP: 3/6
   420 | D:1      | Learned a level 2 spell: Poisonous Vapours
  1489 | D:2      | Reached XP level 3. HP: 16/16 MP: 1/8
  1943 | D:2      | Noticed Robin
  1967 | D:2      | Killed Robin
  1967 | D:2      | Reached XP level 4. HP: 18/21 MP: 1/10
  2207 | D:2      | Reached skill level 5 in Stealth
  2739 | D:2      | Reached skill level 5 in Dodging
  3174 | D:3      | Noticed Tali's ghost (amateur MiFi)
  3288 | D:3      | Found a glowing drain.
  3299 | Sewer    | Entered a sewer
  3584 | Sewer    | Reached XP level 5. HP: 14/24 MP: 1/11
  4257 | Sewer    | Reached XP level 6. HP: 15/28 MP: 2/13
  4393 | Sewer    | Reached skill level 1 in Air Magic
  4844 | D:3      | Slain by Tali's ghost

Skill      XL: |  1  2  3  4  5  6 |
---------------+-------------------+-----
Spellcasting   | 3 4 |  4.6
Dodging        | 4 5 6 |  6.0
Stealth        | 4 5 6 |  6.2
Air Magic      | 1 |  1.4
Poison Magic   | 4 |  4.1
Conjurations   | |  0.6

Action                   |  1- 3 |  4- 6 || total
-------------------------+-------+-------++-------
Melee: Unarmed           |     1 |       ||     1
       Dagger            |    21 |   123 ||   144
 Cast: Sting             |    16 |    29 ||    45
       Poisonous Vapours |    33 |    65 ||    98
  Use: Scroll            |       |     5 ||     5
       Potion            |       |     1 ||     1
 Stab: Sleeping          |       |     3 ||     3
  Eat: Ration            |       |     3 ||     3
Armor: Robe              |     6 |    20 ||    26
Dodge: Dodged            |    46 |   112 ||   158
